 Dungeon Sprint DCSS version 0.31-a0-524-g2a164cf6a2 (webtiles) character file.

Game seed: 14859579570127774459

54815 Conn the Archmage (level 27, -6/172 HPs)
             Began as an Octopode Fire Elementalist on Aug 12, 2023.
             Was a Priest of Sif Muna.
             Killed from afar by a Brimstone Fiend (30 damage)
             ... with damnation
             ... in the Dungeon (Sprint VI: "Thunderdome").
             The game lasted 01:44:23 (5098 turns).

Conn the Archmage (Octopode Fire Elementalist)      Turns: 5098, Time: 01:44:23

Health: -6/172     AC:  5    Str: 20    XL:     27
Magic:  0/54       EV: 27    Int: 30    God:    Sif Muna [***...]
Gold:   8864       SH: 38    Dex: 33    Spells: 2/80 levels left

rFire   + + +        z - staff of Hard Scrabble {rF+ rC+ Will+ rCorr Dex+3 Fire}
rCold   + . .        G - +8 tower shield of Distorch {*Slow rN+++ Dex-2 Slay+2}
rNeg    + + +        x - +0 hat "Ogoafum" {Dex+4}
rPois   .            J - amulet of reflection
rElec   +            q - ring "Goguttath" {rC++ Will+ Dex+2}
rCorr   +            v - ring of Iwauteopn {Fire Str-5 Dex+7}
SInv    +            e - ring of the Bedazzling Gods {Fire rCorr}
Will    +++++        o - ring of Osmorph {Drain Fly rN+++ rCorr Int+4}
Stlth   ++           p - ring of Yviac {rElec rF- Str+3 Dex+6}
HPRegen 0.00/turn    s - ring "Vieczuibb" {Wiz rN+ Str+2}
MPRegen 0.34/turn    u - ring "Zetzutho" {rF+ AC+4 Str+3}
                     b - ring "Titunwat" {Str+5 SInv}

%: no teleportation, slow self (1%), reflection, wizardry (x1)
@: calling dragons, flying, inhibited regen, unable to read
A: almost no armour, amphibious, 8 rings, camouflage 1, gelatinous body 1,
(nimble swimmer 1), tentacles, fangs 1, dopey 1, strong-willed 1, inhibited
regeneration, strong 1, inability to read after injury 1
0: Orb of Zot
}: 5/15 runes: serpentine, slimy, elven, silver, gossamer
a: Renounce Religion, Channel Magic, Forget Spell


You were in the Dungeon.
You worshipped Sif Muna.
Sif Muna was most pleased with you.
You visited 1 branch You collected 17810 gold pieces.
You spent 8946 gold pieces at shops.

Inventory:

Armour
 x - the +0 hat "Ogoafum" (worn) {Dex+4}
   (You bought it in a shop in the Dungeon)

   Dex+4:     It affects your dexterity (+4).
 y - the +0 buckler of Xapem {rC+ Str+4}
   (You bought it in a shop in the Dungeon)

   Str+4:     It affects your strength (+4).
   rC+:       It protects you from cold.
 B - the +0 buckler "Fyjiklig" {rElec rPois rC+ Dex-4}
   (You bought it in a shop in the Dungeon)

   Dex-4:     It affects your dexterity (-4).
   rC+:       It protects you from cold.
   rElec:     It insulates you from electricity.
   rPois:     It protects you from poison
 F - the +0 kite shield "Aghamed" {rPois Will- Regen+}
   (You bought it in a shop in the Dungeon)

   rPois:     It protects you from poison Will-: It decreases your willpower.
   Regen+:    It increases your rate of health regeneration.
 G - the +8 tower shield of Distorch (worn) {*Slow rN+++ Dex-2 Slay+2}
   (You bought it in a shop in the Dungeon)

   Dex-2:     It affects your dexterity (-2).
   Slay+2:    It affects your accuracy & damage with ranged weapons and melee
   (+2).
   rN+++:     It renders you almost immune to negative energy.
   *Slow:     It may slow you when you take damage.
Magical Staves
 z - the staff of Hard Scrabble (weapon) {rF+ rC+ Will+ rCorr Dex+3 Fire}
   (You found it in the Dungeon)

   [staff of fire]

   Base accuracy: +5 Base damage: 5 Base attack delay: 1.2 This weapon's minimum
   attack delay (0.6) is reached at skill level 12.
   Dex+3:     It affects your dexterity (+3).
   rF+:       It protects you from fire.
   rC+:       It protects you from cold.
   Will+:     It increases your willpower.
   rCorr:     It protects you from acid and corrosion.
   Fire:      It increases the power of your Fire spells.
   It falls into the 'Staves' category.
   It is a one-tentacled weapon.
 L - a staff of conjuration
Jewellery
 b - the ring "Titunwat" (on tentacle) {Str+5 SInv}
   (You bought it in a shop in the Dungeon)

   [ring of see invisible]

   Str+5:     It affects your strength (+5).
   SInv:      It lets you see invisible.
 e - the ring of the Bedazzling Gods (on tentacle) {Fire rCorr}
   (You bought it in a shop in the Dungeon)

   [ring of fire]

   Fire:      It enhances your fire magic.
   rF+:       It protects you from fire.
   rC-:       It makes you vulnerable to cold.
   rCorr:     It protects you from acid and corrosion.
 k - the ring "Evirig" {Fly rPois rC- Str+3}
   (You bought it in a shop in the Dungeon)

   [ring of poison resistance]

   Str+3:     It affects your strength (+3).
   rC-:       It makes you vulnerable to cold.
   rPois:     It protects you from poison Fly: It grants you flight.
 l - the ring "Yteur" {rC+ Str+6}
   (You bought it in a shop in the Dungeon)

   [ring of strength]

   Str+6:     It affects your strength (+6).
   rC+:       It protects you from cold.
 m - the amulet of Butchery {rF++ rN+ Regen+}
   (You bought it in a shop in the Dungeon)

   [amulet of regeneration]

   rF++:      It greatly protects you from fire.
   rN+:       It protects you from negative energy.
   Regen+:    It increases your rate of health regeneration.
 n - the ring "Naaze" {rF- rN+ rCorr SInv Stlth+}
   (You bought it in a shop in the Dungeon)

   [ring of positive energy]

   rF-:       It makes you vulnerable to fire.
   rN+:       It protects you from negative energy.
   SInv:      It lets you see invisible.
   rCorr:     It protects you from acid and corrosion.
   Stlth+:    It makes you more stealthy.
 o - the ring of Osmorph (on tentacle) {Drain Fly rN+++ rCorr Int+4}
   (You bought it in a shop in the Dungeon)

   [ring of flight]

   Int+4:     It affects your intelligence (+4).
   rN+++:     It renders you almost immune to negative energy.
   Fly:       It grants you flight.
   rCorr:     It protects you from acid and corrosion.
   Drain:     It drains your maximum health when unequipped.
 p - the ring of Yviac (on tentacle) {rElec rF- Str+3 Dex+6}
   (You bought it in a shop in the Dungeon)

   [ring of dexterity]

   Str+3:     It affects your strength (+3).
   Dex+6:     It affects your dexterity (+6).
   rF-:       It makes you vulnerable to fire.
   rElec:     It insulates you from electricity.
 q - the ring "Goguttath" (left tentacle) {rC++ Will+ Dex+2}
   (You bought it in a shop in the Dungeon)

   [ring of willpower]

   Dex+2:     It affects your dexterity (+2).
   rC++:      It greatly protects you from cold.
   Will+:     It increases your willpower.
 r - the ring of Kakuaj {rN+ Str+5}
   (You bought it in a shop in the Dungeon)

   [ring of positive energy]

   Str+5:     It affects your strength (+5).
   rN+:       It protects you from negative energy.
 s - the ring "Vieczuibb" (on tentacle) {Wiz rN+ Str+2}
   (You bought it in a shop in the Dungeon)

   [ring of wizardry]

   Wiz:       It improves your spell success rate.
   Str+2:     It affects your strength (+2).
   rN+:       It protects you from negative energy.
 t - the ring of the Ban {+Blink Int+2 Dex+6}
   (You bought it in a shop in the Dungeon)

   [ring of dexterity]

   Int+2:     It affects your intelligence (+2).
   Dex+6:     It affects your dexterity (+6).
   +Blink:    It lets you blink.
 u - the ring "Zetzutho" (on tentacle) {rF+ AC+4 Str+3}
   (You bought it in a shop in the Dungeon)

   [ring of protection]

   AC+4:      It affects your AC (+4).
   Str+3:     It affects your strength (+3).
   rF+:       It protects you from fire.
 v - the ring of Iwauteopn (right tentacle) {Fire Str-5 Dex+7}
   (You found it in the Dungeon)

   [ring of fire]

   Fire:      It enhances your fire magic.
   Str-5:     It affects your strength (-5).
   Dex+7:     It affects your dexterity (+7).
   rF+:       It protects you from fire.
   rC-:       It makes you vulnerable to cold.
 A - the amulet "Zemagal" {RegenMP rC+ Int+5}
   (You bought it in a shop in the Dungeon)

   [amulet of magic regeneration]

   RegenMP:   It increases your rate of magic regeneration.
   Int+5:     It affects your intelligence (+5).
   rC+:       It protects you from cold.
 C - the amulet "Tuaq" {Acrobat rElec rC+}
   (You bought it in a shop in the Dungeon)

   [amulet of the acrobat]

   Acrobat:   It increases your evasion while moving and waiting.
   rC+:       It protects you from cold.
   rElec:     It insulates you from electricity.
 D - the amulet of Gasax {RegenMP rN+ Int+6}
   (You bought it in a shop in the Dungeon)

   [amulet of magic regeneration]

   RegenMP:   It increases your rate of magic regeneration.
   Int+6:     It affects your intelligence (+6).
   rN+:       It protects you from negative energy.
 E - the amulet of Leuwkawn {Acrobat Rampage rF- Will+++ Dex-5}
   (You bought it in a shop in the Dungeon)

   [amulet of the acrobat]

   Acrobat:   It increases your evasion while moving and waiting.
   Dex-5:     It affects your dexterity (-5).
   rF-:       It makes you vulnerable to fire.
   Will+++:   It greatly increases your willpower.
   Rampage:   It bestows one free step when moving towards enemies.
 J - an amulet of reflection (around mantle)
Wands
 g - a wand of quicksilver (1)
 h - a wand of roots (1)
 I - a wand of flame (5)
Scrolls
 i - 2 scrolls of fog
Potions
 a - a potion of magic
 d - 9 potions of haste
 j - 7 potions of resistance
 w - a potion of lignification
 H - 4 potions of curing
 K - 4 potions of mutation
 N - 6 potions of brilliance
 O - a potion of invisibility
Miscellaneous
 M - a quad damage


   Skills:
 + Level 10.7 Fighting
 + Level 0.7 Staves
 + Level 12.5 Dodging
 - Level 6.2 Stealth
 * Level 17.8 Shields
 O Level 27 Spellcasting
 O Level 27 Conjurations
 + Level 3.4 Hexes
 + Level 13.6 Summonings
 - Level 11.1 Translocations
 - Level 4.0 Transmutations
 + Level 23.2 Fire Magic
 + Level 7.6 Ice Magic
 + Level 5.2 Air Magic
 + Level 1.8 Poison Magic
 - Level 15.1 Invocations
 + Level 3.0 Evocations


You had 2 spell levels left.
You knew the following spells:

 Your Spells              Type           Power      Damage    Failure   Level
a - Foxfire               Conj/Fire      100%       2x1d9     0%          1
b - Scorch                Fire           100%       2d9       0%          2
c - Fire Storm            Conj/Fire      94%        8d24      1%          9
d - Iskenderun's Mystic   Conj/Tloc      100%       2d19      0%          4
e - Ignition              Fire           92%        3d23      1%          8
f - Fireball              Conj/Fire      94%        3d34      0%          5
g - Starburst             Conj/Fire      94%        6d24      0%          6
h - Summon Forest         Summ/Tloc      43%        N/A       1%          5
i - Blink                 Tloc           100%       N/A       0%          2
j - Summon Ice Beast      Ice/Summ       81%        N/A       1%          4
k - Hailstorm             Conj/Ice       98%        3d19      0%          3
l - Orb of Destruction    Conj           58%        9d14      0%          7
m - Mephitic Cloud        Conj/Pois/Air  83%        N/A       1%          3
n - Metabolic Englaciati  Hex/Ice        32%        N/A       1%          5
o - Dispersal             Tloc           41%        N/A       1%          6
p - Arcjolt               Conj/Air       47%        1d57      1%          5
q - Ozocubu's Armour      Ice            72%        N/A       1%          3

Your spell library contained the following spells:

 Spells                   Type           Power      Damage    Failure   Level
 Apportation              Tloc           100%       N/A       0%          1
 Kiss of Death            Conj/Necr      100%       2d13      0%          1
 Magic Dart               Conj           100%       1d8       0%          1
 Shock                    Conj/Air       100%       1d9       0%          1
 Summon Small Mammal      Summ           100%       N/A       0%          1
 Call Imp                 Summ           100%       N/A       0%          2
 Lesser Beckoning         Tloc           100%       N/A       0%          2
 Momentum Strike          Conj/Tloc      100%       3d10      0%          2
 Searing Ray              Conj           100%       2d8       0%          2
 Static Discharge         Conj/Air       100%       2-7/arc   0%          2
 Freeze                   Ice            100%       1d10      1%          1
 Necrotise                Necr           100%       1d9       1%          1
 Sting                    Tmut/Pois      100%       1d8       1%          1
 Cigotuvi's Dreadful Rot  Necr/Pois/Air  100%       N/A       1%          2
 Ensorcelled Hibernation  Hex/Ice        100%       N/A       1%          2
 Passwall                 Tmut/Erth      42%        N/A       1%          2
 Poisonous Vapours        Pois/Air       100%       N/A       1%          2
 Sublimation of Blood     Necr           40%        N/A       1%          2
 Call Canine Familiar     Summ           89%        N/A       0%          3
 Dazzling Flash           Conj/Hex       100%       N/A       0%          3
 Inner Flame              Hex/Fire       100%       N/A       0%          3
 Stone Arrow              Conj/Erth      100%       3d13      0%          3
 Volatile Blastmotes      Fire/Tloc      100%       2d18      0%          3
 Flame Wave               Conj/Fire      100%       2d21      0%          4
 Sticky Flame             Conj/Fire      100%       2d11      0%          4
 Iskenderun's Battlesphe  Conj           100%       2d15      0%          5
 Confusing Touch          Hex            57%        N/A       1%          3
 Frozen Ramparts          Ice            100%       1d16      1%          3
 Gell's Gravitas          Tloc           82%        N/A       1%          3
 Ignite Poison            Fire/Tmut/Pois 100%       N/A       1%          3
 Portal Projectile        Hex/Tloc       100%       N/A       1%          3
 Summon Guardian Golem    Hex/Summ       75%        N/A       1%          3
 Swiftness                Air            64%        N/A       1%          3
 Teleport Other           Tloc           82%        N/A       1%          3
 Tukima's Dance           Hex            57%        N/A       1%          3
 Vhi's Electric Charge    Tloc/Air       100%       N/A       1%          3
 Airstrike                Air            32%        2d(5-21)  1%          4
 Cause Fear               Hex            28%        N/A       1%          4
 Fulminant Prism          Conj/Hex       46%        3d21      1%          4
 Manifold Assault         Tloc           82%        N/A       1%          4
 Passage of Golubria      Tloc           82%        N/A       1%          4
 Summon Lightning Spire   Summ/Air       77%        N/A       1%          4
 Freezing Cloud           Conj/Ice/Air   44%        6-21      1%          5
 Irradiate                Conj/Tmut      46%        3d27      1%          5
 Summon Mana Viper        Hex/Summ       75%        N/A       1%          5
 Conjure Ball Lightning   Conj/Air       47%        3x3d16    1%          6
 Leda's Unmaking          Conj/Erth      44%        9d7       1%          6
 Plasma Beam              Fire/Air       81%        2x1d99    1%          6
 Summon Cactus Giant      Summ           44%        N/A       1%          6
 Monstrous Menagerie      Summ           44%        N/A       1%          7
 Spellforged Servitor     Conj/Summ      52%        N/A       1%          7
 Summon Hydra             Summ           44%        N/A       1%          7
 Anguish                  Hex/Necr       25%        N/A       2%          4
 Leda's Liquefaction      Hex/Erth       25%        N/A       2%          4
 Olgreb's Toxic Radiance  Pois           50%        N/A       2%          4
 Petrify                  Tmut/Erth      51%        N/A       2%          4
 Silence                  Hex/Air        30%        N/A       2%          5
 Malign Gateway           Summ/Tloc      43%        N/A       2%          7
 Yara's Violent Unravell  Hex/Tmut       29%        3d12      3%          5
 Dispel Undead            Necr           40%        3d16      5%          4
 Summon Horrible Things   Summ           44%        N/A       13%         8
 Lehudib's Crystal Spear  Conj/Erth      44%        10d11     14%         8
 Agony                    Necr           40%        N/A       16%         5
 Borgnjor's Vile Clutch   Necr/Erth      20%        N/A       16%         5
 Simulacrum               Ice/Necr       29%        N/A       16%         6
 Ozocubu's Refrigeration  Ice            36%        4d15      19%         7
 Eringya's Noxious Bog    Tmut/Pois      27%        4d6       26%         6
 Haunt                    Necr/Summ      34%        N/A       26%         7
 Disjunction              Tloc           41%        N/A       34%         8
 Chain Lightning          Conj/Air       47%        3d63      56%         9
 Enfeeble                 Hex            28%        N/A       69%         7
 Dragon's Call            Summ           44%        N/A       86%         9
 Maxwell's Capacitive Co  Air            32%        ∞         98%         8
 Borgnjor's Revivificati  Necr           20%        N/A       100%        8
 Discord                  Hex            28%        N/A       100%        8
 Death's Door             Necr           20%        N/A       100%        9
 Polar Vortex             Ice            36%        12d4*     100%        9
 Animate Armour           Summ/Erth      Unusable   N/A       N/A         4

Dungeon Overview and Level Annotations

Branches:
Dungeon (1/1)

Altars:
Cheibriados
Dithmenos
Fedhas
Gozag
Kikubaaqudgha
Makhleb
Okawaru
Qazlal
Ru
Sif Muna
Trog
Uskayaw
Vehumet
Wu Jian
Xom
Yredelemnul
Zin
The Shining One
Lugonu

Shops:
D [=??*?*:[((!!!


Innate Abilities, Weirdness & Mutations

You cannot wear most types of armour.
You are amphibious.
You can wear up to eight rings at the same time.
Your skin changes colour to match your surroundings (Stealth+).
Your rubbery body absorbs attacks. (AC +1, EV +1)
((You are camouflaged when in or above water. (Stealth+)))
You have tentacles for arms and can constrict up to eight enemies at once.
You have very sharp teeth.
You are dopey. (Int -2)
You are strong-willed. (Will+)
You do not regenerate when monsters are visible.
Your muscles are strong. (Str +4, Int/Dex -1)
You occasionally lose the ability to read scrolls when taking damage.


Message History

Your ice dragon is severely wounded.
The bolt of lightning hits the balrug!!!!
You kill the balrug!
Sif Muna accepts your kill.
Sif Muna will now gift you books as you gain piety.
You see here Sif Muna's Elucidation of the Burnt Whammy {god gift}.
Sif Muna grants you a gift! The bolt of lightning hits you! You resist.
* * * LOW HITPOINT WARNING * * *
The bolt of lightning hits the Brimstone Fiend!!
The Brimstone Fiend is moderately wounded.
Sif Muna will no longer gift you books.
Your ice dragon disappears in a puff of smoke!
Unknown command.
Unknown command.
Unknown command.
Unknown command.
Unknown command.
Unknown command.
Press: ? - help, v - describe, . - travel
Here: a Brimstone Fiend (moderately wounded, ally target)
The floor.
Unknown command.
Unknown command.
Lightning arcs from your tentacles!
The bolt of lightning hits the Brimstone Fiend!!!!
The Brimstone Fiend is almost dead.
The bolt of lightning hits you! You resist.
* * * LOW HITPOINT WARNING * * *
You can no longer call upon Sif Muna to cast any spell from your library.
A sun demon comes into view.
Your ice dragon breathes frost at the Brimstone Fiend.
The blast of cold hits the Brimstone Fiend!!!
The Brimstone Fiend is frozen!
The Brimstone Fiend dies!
Sif Muna accepts your kill. The Brimstone Fiend gestures at you.
The sphere of damnation explodes!
The damnation engulfs you!!
You feel threatened and lose the ability to read scrolls!
You die...

#♣∩___[..[..###..§§§§§__∩##
#♣#♣♣#[8[....§§§§8§######
#)[..[D[§.§§§§#
♣##3..)..§D§### #....§.D[1#
#_....§.._# #_......._#
#∩.......∩# ##∩)....@##
##....§## ##§⌠§## #####


You could see a Brimstone Fiend (ally target), a sun demon, a friendly shadow
dragon (summoned), a friendly iron dragon (summoned) and a friendly ice dragon
(summoned, catching breath).

Vanquished Creatures
  An orb of fire (D)
  3 ancient liches (D)
  4 pandemonium lords (D)
  A deep elf elementalist (D)
  Arachne (D)
  9 Orb Guardians (D)
  A deep elf blademaster (D)
  9 acid blobs (D)
  A deep elf master archer (D)
  2 ancient champions (D)
  A revenant (D)
  3 azure jellies (D)
  A balrug (D)
  A deep elf sorcerer (D)
  2 ghouls (D)
  A stone giant (D)
  2 orc warlords (D)
  An eleionoma (D)
  A deep elf demonologist (D)
  2 anacondas (D)
  A deep elf annihilator (D)
  An eidolon (D)
  2 deep elf death magi (D)
  A merfolk javelineer (D)
  3 merfolk impalers (D)
  A jiangshi (D)
  A shambling mangrove (D)
  A deep elf high priest (D)
  5 great orbs of eyes (D)
  A merfolk avatar (D)
  3 hydras (D)
  A ghost crab (D)
  2 hell beasts (D)
  7 ogre magi (D)
  2 satyrs (D)
  3 dancing weapons (D)
  7 two-headed ogres (D)
  4 vampire magi (D)
  A spriggan berserker (D)
  A deep elf knight (D)
  An iron troll (D)
  A skeletal warrior (D)
  2 swamp dragons (D)
  5 deep trolls (D)
  A shadow demon (D)
  A shadow wraith (D)
  17 orb spiders (D)
  3 flayed ghosts (D)
  5 orc knights (D)
  2 deep elf archers (D)
  A deep elf zephyrmancer (D)
  2 deep elf pyromancers (D)
  19 shining eyes (D)
  A manticore (D)
  A rust devil (D)
  A merfolk siren (D)
  11 moths of wrath (D)
  An orange demon (D)
  2 rime drakes (D)
  A dryad (D)
  2 wind drakes (D)
  2 hellwings (D)
  9 polar bears (D)
  A troll (D)
  2 slime creatures (D)
  2 water elementals (D)
  A redback (D)
  8 neqoxecs (D)
  13 vampire mosquitoes (D)
  4 ice beasts (D)
  3 black bears (D)
  10 orc warriors (D)
  2 wolves (D)
  5 ogres (D)
  Blork the orc (D)
  A necrophage (D)
  An earth elemental (D)
  A wight (D)
  6 killer bees (D)
  2 crimson imps (D)
  An iron imp (D)
  2 orc wizards (D)
  A white imp (D)
  An adder skeleton (D)
  An orc (D)
  A bat skeleton (D)
  A bat zombie (D)
  3 butterflies (D)
  A snaplasher vine (D)
261 creatures vanquished.

Vanquished Creatures (collateral kills)
  Tiamat (D)
  An orb of fire (D)
  2 Brimstone Fiends (D)
  A merfolk impaler (D)
  An alligator (D)
  An orc knight (D)
  A moth of wrath (D)
  A snapping turtle (D)
  3 orc warriors (D)
  An orc priest (D)
13 creatures vanquished.

Vanquished Creatures (others)
  A pandemonium lord (D)
  An orb spider (D)
  7 fire vortices (D)
  279 foxfires (D)
  4 snaplasher vines (D)
292 creatures vanquished.

Grand Total: 566 creatures vanquished

Notes
Turn   | Place    | Note
-------+----------+-------------------------------------------
     0 | D        | Conn the Octopode Fire Elementalist began the quest for the
                  | Orb.
     0 | D        | Reached XP level 1. HP: 11/11 MP: 3/3
     2 | D        | Found a burning altar of Makhleb.
     3 | D        | Found an iron altar of Okawaru.
     3 | D        | Found an opulent altar of Gozag.
     4 | D        | Found a radiant altar of Vehumet.
     5 | D        | Found Boxama's Identification Station.
     5 | D        | Found a shadowy altar of Dithmenos.
     5 | D        | Found Meisuez's Timeless Talismans.
     5 | D        | Round 1.
     6 | D        | Found Tororan's Advanced Armour.
     6 | D        | Found Xuostyz Cave's Jewellery.
     9 | D        | Noticed a necrophage
    14 | D        | Found a stormy altar of Qazlal.
    19 | D        | Found a bloodstained altar of Trog.
    20 | D        | Found a shimmering altar of Xom.
    20 | D        | Found a corrupted altar of Lugonu.
    20 | D        | Found an ancient bone altar of Kikubaaqudgha.
    20 | D        | Found Ogapn's Premium Goods.
    20 | D        | Found Gausaigh's Weapon Rack.
    21 | D        | Found Zualut's Miscellaneous Merchandise.
    21 | D        | Found Rirudixe's Basic Armour.
    24 | D        | Found a shimmering blue altar of Sif Muna.
    25 | D        | Found a hide-covered altar of Uskayaw.
    26 | D        | Found a basalt altar of Yredelemnul.
    27 | D        | Found Tierhoat's Do-It-Yourself Clinic.
    28 | D        | Found Rugoxuz's Bottled Wisdom.
    28 | D        | Found Qygg's Distillery.
    32 | D        | Became a worshipper of Sif Muna the Loreminder
    36 | D        | Killed a necrophage
    37 | D        | Reached skill level 5 in Fire Magic
    37 | D        | Reached XP level 2. HP: 15/17 MP: 2/7
    37 | D        | Reached XP level 3. HP: 18/21 MP: 2/8
    37 | D        | Reached XP level 4. HP: 24/27 MP: 2/10
    45 | D        | Found Keimosku's Distillery.
    45 | D        | Found a snail-covered altar of Cheibriados.
    45 | D        | Found a blossoming altar of Fedhas.
    52 | D        | Learned a level 2 spell: Scorch
    56 | D        | Learned a level 3 spell: Inner Flame
    63 | D        | Learned a level 4 spell: Flame Wave
    77 | D        | Reached * piety under Sif Muna
    78 | D        | Reached XP level 5. HP: 31/31 MP: 1/12
    85 | D        | Found a sacrificial altar of Ru.
    86 | D        | Found an ornate altar of the Wu Jian Council.
    87 | D        | Found Wonk's Magic Scroll Shop.
    88 | D        | Found Oguf Pea's Magic Scroll Shop.
    88 | D        | Found Voreon's Must-Have Magic.
    89 | D        | Found a glowing golden altar of the Shining One.
    89 | D        | Found a glowing silver altar of Zin.
    89 | D        | Found Kueshretu's Staff Store.
   121 | D        | Arena points: 12 (+12) [x2]
   122 | D        | Reached skill level 5 in Spellcasting
   129 | D        | Bought a coiled glass ring for 45 gold pieces
   129 | D        | Identified the ring of the Bedazzling Gods {Fire rCorr}
                  | (You bought it in a shop in the Dungeon)
   129 | D        | Bought a brightly glowing platinum ring for 45 gold pieces
   129 | D        | Identified the ring "Evirig" {Fly rPois rC- Str+3} (You
                  | bought it in a shop in the Dungeon)
   129 | D        | Bought a faintly glowing turquoise ring for 45 gold pieces
   129 | D        | Identified the ring "Yteur" {rC+ Str+6} (You bought it in a
                  | shop in the Dungeon)
   129 | D        | Bought a flickering tin amulet for 45 gold pieces
   129 | D        | Identified the amulet of Butchery {rF++ rN+ Regen+} (You
                  | bought it in a shop in the Dungeon)
   202 | D        | Round 2.
   226 | D        | Reached ** piety under Sif Muna
   268 | D        | Noticed an orc warrior
   281 | D        | Killed an orc warrior
   282 | D        | Reached skill level 5 in Stealth
   284 | D        | Reached XP level 6. HP: 31/36 MP: 4/15
   336 | D        | Noticed an orc warrior
   347 | D        | Killed an orc warrior
   348 | D        | Reached skill level 5 in Conjurations
   359 | D        | Noticed Blork the orc
   364 | D        | Killed Blork the orc
   364 | D        | Arena points: 48 (+36) [x3]
   380 | D        | Bought a smoking copper ring for 45 gold pieces
   380 | D        | Identified the ring "Titunwat" {Str+5 SInv} (You bought it
                  | in a shop in the Dungeon)
   380 | D        | Bought a smoking copper ring for 45 gold pieces
   380 | D        | Identified the ring "Naaze" {rF- rN+ rCorr SInv Stlth+}
                  | (You bought it in a shop in the Dungeon)
   415 | D        | Round 3.
   421 | D        | Reached *** piety under Sif Muna
   422 | D        | Reached XP level 7. HP: 41/41 MP: 8/18
   474 | D        | Reached skill level 1 in Invocations
   489 | D        | Reached **** piety under Sif Muna
   493 | D        | Arena points: 132 (+84) [x4]
   504 | D        | Bought a sparkling granite ring for 45 gold pieces
   504 | D        | Identified the ring of Osmorph {Drain Fly rN+++ rCorr
                  | Int+4} (You bought it in a shop in the Dungeon)
   504 | D        | Bought a sparkling ivory ring for 45 gold pieces
   504 | D        | Identified the ring of Yviac {rElec rF- Str+3 Dex+6} (You
                  | bought it in a shop in the Dungeon)
   529 | D        | Round 4.
   529 | D        | Noticed a rime drake
   534 | D        | Killed a rime drake
   535 | D        | Reached skill level 10 in Fire Magic
   535 | D        | Reached skill level 1 in Evocations
   535 | D        | Reached XP level 8. HP: 41/46 MP: 1/21
   546 | D        | Noticed a rime drake
   553 | D        | Killed a rime drake
   554 | D        | Reached skill level 10 in Spellcasting
   587 | D        | Noticed a water elemental
   593 | D        | Killed a water elemental
   593 | D        | Reached ***** piety under Sif Muna
   593 | D        | Received a gift from Sif Muna
   594 | D        | Reached skill level 5 in Invocations
   594 | D        | Got Sif Muna's Tome of the Unicorn {god gift}
   601 | D        | Learned a level 5 spell: Irradiate
   629 | D        | Arena points: 292 (+160) [x5]
   630 | D        | Reached skill level 1 in Transmutations
   630 | D        | Reached XP level 9. HP: 43/51 MP: 1/24
   637 | D        | Bought a translucent lead ring for 45 gold pieces
   637 | D        | Identified the ring "Goguttath" {rC++ Will+ Dex+2} (You
                  | bought it in a shop in the Dungeon)
   637 | D        | Bought a steaming golden ring for 45 gold pieces
   637 | D        | Identified the ring of Kakuaj {rN+ Str+5} (You bought it in
                  | a shop in the Dungeon)
   637 | D        | Bought a transparent brass ring for 45 gold pieces
   637 | D        | Identified the ring "Vieczuibb" {Wiz rN+ Str+2} (You bought
                  | it in a shop in the Dungeon)
   637 | D        | Bought a transparent platinum ring for 45 gold pieces
   637 | D        | Identified the ring of the Ban {+Blink Int+2 Dex+6} (You
                  | bought it in a shop in the Dungeon)
   637 | D        | Bought a heavily runed jade ring for 45 gold pieces
   637 | D        | Identified the ring "Zetzutho" {rF+ AC+4 Str+3} (You bought
                  | it in a shop in the Dungeon)
   675 | D        | Round 5.
   680 | D        | Noticed a giant anaconda
   690 | D        | Killed a giant anaconda
   690 | D        | Identified the ring of Iwauteopn {Fire Str-5 Dex+7} (You
                  | found it in the Dungeon)
   690 | D        | Arena points: 537 (+245) [x7]
   691 | D        | Reached skill level 5 in Dodging
   691 | D        | Got a serpentine rune of Zot
   697 | D        | Reached XP level 10. HP: 53/69 MP: 1/26
   881 | D        | Bought a potion of lignification for 21 gold pieces
   887 | D        | Round 6.
   926 | D        | Noticed a deep troll
   932 | D        | Killed a deep troll
  1002 | D        | Noticed an iron troll
  1017 | D        | Noticed a deep troll
  1018 | D        | Noticed a deep troll
  1022 | D        | Noticed a deep troll
  1027 | D        | Noticed a deep troll
  1027 | D        | Noticed a deep troll
  1034 | D        | Killed a deep troll
  1037 | D        | Killed a deep troll
  1038 | D        | Reached skill level 1 in Hexes
  1038 | D        | Reached XP level 11. HP: 17/74 MP: 3/28
  1054 | D        | Killed a deep troll
  1054 | D        | Killed a deep troll
  1054 | D        | Received a gift from Sif Muna
  1055 | D        | Got Sif Muna's Tome of Evil Liturgies {god gift}
  1073 | D        | Arena points: 579 (+42) [x1]
  1092 | D        | Round 7.
  1154 | D        | Noticed an ogre mage
  1163 | D        | Noticed an ogre mage
  1167 | D        | Killed an ogre mage
  1174 | D        | Killed an ogre mage
  1175 | D        | Reached skill level 15 in Spellcasting
  1175 | D        | Reached skill level 10 in Conjurations
  1202 | D        | Noticed an ogre mage
  1208 | D        | Noticed an ogre mage
  1212 | D        | Killed an ogre mage
  1232 | D        | Killed an ogre mage
  1252 | D        | Arena points: 705 (+126) [x2]
  1262 | D        | Bought a pitted hat for 315 gold pieces
  1262 | D        | Identified the +0 hat "Ogoafum" {Dex+4} (You bought it in a
                  | shop in the Dungeon)
  1273 | D        | Round 8.
  1292 | D        | Received a gift from Sif Muna
  1308 | D        | Arena points: 945 (+240) [x3]
  1314 | D        | Got Sif Muna's Notes on the Throng {god gift}
  1333 | D        | Bought a dazzling buckler for 332 gold pieces
  1333 | D        | Identified the +0 buckler of Xapem {rC+ Str+4} (You bought
                  | it in a shop in the Dungeon)
  1363 | D        | Round 9.
  1388 | D        | Reached ****** piety under Sif Muna
  1406 | D        | Gained mutation: Your body sometimes deteriorates upon
                  | taking damage. [a neqoxec]
  1408 | D        | Received a gift from Sif Muna
  1415 | D        | Reached skill level 1 in Shields
  1425 | D        | Got Sif Muna's Handbook of Frostbitten Conjuration {god
                  | gift}
  1432 | D        | Learned a level 5 spell: Fireball
  1439 | D        | Learned a level 6 spell: Starburst
  1445 | D        | Learned a level 5 spell: Summon Forest
  1453 | D        | Reached XP level 12. HP: 80/80 MP: 18/32
  1498 | D        | Arena points: 1269 (+324) [x4]
  1544 | D        | Round 10.
  1558 | D        | Noticed Arachne
  1576 | D        | Killed Arachne
  1576 | D        | Identified the staff of Hard Scrabble {rF+ rC+ Will+ rCorr
                  | Dex+3 Fire} (You found it in the Dungeon)
  1576 | D        | Arena points: 1809 (+540) [x6]
  1577 | D        | Reached skill level 10 in Invocations
  1577 | D        | Got a gossamer rune of Zot
  1615 | D        | Bought a glimmering buckler for 332 gold pieces
  1615 | D        | Identified the +0 buckler "Fyjiklig" {rElec rPois rC+
                  | Dex-4} (You bought it in a shop in the Dungeon)
  1644 | D        | Bought a book of Spatial Translocations for 126 gold pieces
  1649 | D        | Learned a level 2 spell: Blink
  1654 | D        | Learned a level 4 spell: Summon Ice Beast
  1662 | D        | Reached XP level 13. HP: 84/84 MP: 34/34
  1761 | D        | Round 11.
  1768 | D        | Received a gift from Sif Muna
  1769 | D        | Got Sif Muna's Precepts of Fulgent Immolation {god gift}
  1774 | D        | Learned a level 3 spell: Hailstorm
  1789 | D        | Reached skill level 5 in Ice Magic
  1799 | D        | Arena points: 2502 (+693) [x7]
  1827 | D        | Bought a scintillating tin amulet for 45 gold pieces
  1827 | D        | Identified the amulet "Zemagal" {RegenMP rC+ Int+5} (You
                  | bought it in a shop in the Dungeon)
  1827 | D        | Bought a shimmering ruby amulet for 45 gold pieces
  1827 | D        | Identified the amulet "Tuaq" {Acrobat rElec rC+} (You
                  | bought it in a shop in the Dungeon)
  1827 | D        | Bought a wavering tin amulet for 45 gold pieces
  1827 | D        | Identified the amulet of Gasax {RegenMP rN+ Int+6} (You
                  | bought it in a shop in the Dungeon)
  1827 | D        | Bought a heavily runed pewter amulet for 45 gold pieces
  1827 | D        | Identified the amulet of Leuwkawn {Acrobat Rampage rF-
                  | Will+++ Dex-5} (You bought it in a shop in the Dungeon)
  1829 | D        | Round 12.
  1848 | D        | Received a gift from Sif Muna
  1849 | D        | Reached skill level 15 in Fire Magic
  1858 | D        | Learned a level 7 spell: Orb of Destruction
  1876 | D        | Reached skill level 5 in Shields
  1887 | D        | Noticed an orc warlord
  1899 | D        | Killed an orc warlord
  1900 | D        | Reached skill level 5 in Summonings
  1908 | D        | Received a gift from Sif Muna
  1917 | D        | Arena points: 3750 (+1248) [x8]
  1918 | D        | Reached skill level 1 in Translocations
  1918 | D        | Got Sif Muna's Lectures on Non-Euclidean Venin {god gift}
  1925 | D        | Learned a level 4 spell: Iskenderun's Mystic Blast
  1950 | D        | Bought a brightly glowing kite shield for 332 gold pieces
  1950 | D        | Identified the +0 kite shield "Aghamed" {rPois Will-
                  | Regen+} (You bought it in a shop in the Dungeon)
  1952 | D        | Bought a fading tower shield for 332 gold pieces
  1952 | D        | Identified the +8 tower shield of Distorch {*Slow rN+++
                  | Dex-2 Slay+2} (You bought it in a shop in the Dungeon)
  1976 | D        | Round 13.
  2031 | D        | Noticed a shambling mangrove
  2051 | D        | Received a gift from Sif Muna
  2057 | D        | Killed a shambling mangrove
  2068 | D        | Learned a level 3 spell: Mephitic Cloud
  2075 | D        | Noticed an eleionoma
  2080 | D        | Killed an eleionoma
  2096 | D        | Arena points: 4920 (+1170) [x9]
  2097 | D        | Reached XP level 14. HP: 51/90 MP: 15/37
  2151 | D        | Bought 3 potions of experience for 900 gold pieces
  2152 | D        | Round 14.
  2157 | D        | Bought 4 potions of haste for 280 gold pieces
  2158 | D        | Bought 3 potions of haste for 210 gold pieces
  2158 | D        | Reached XP level 15. HP: 79/99 MP: 30/38
  2159 | D        | Reached XP level 16. HP: 84/105 MP: 30/39
  2160 | D        | Reached XP level 17. HP: 88/109 MP: 31/40
  2163 | D        | Received a gift from Sif Muna
  2164 | D        | Got Sif Muna's Treatise on Overcast Conflagration {god
                  | gift}
  2223 | D        | Received a gift from Sif Muna
  2260 | D        | Arena points: 6740 (+1820) [x10]
  2285 | D        | Bought 2 potions of experience for 600 gold pieces
  2286 | D        | Reached XP level 18. HP: 116/116 MP: 34/42
  2287 | D        | Reached XP level 19. HP: 120/120 MP: 34/43
  2293 | D        | Bought 4 potions of curing for 84 gold pieces
  2307 | D        | Round 15.
  2340 | D        | Received a gift from Sif Muna
  2340 | D        | Arena points: 8720 (+1980) [x12]
  2341 | D        | Got an elven rune of Zot
  2358 | D        | Bought a potion of experience for 300 gold pieces
  2358 | D        | Bought a potion of experience for 300 gold pieces
  2359 | D        | Reached XP level 20. HP: 130/130 MP: 18/44
  2360 | D        | Reached XP level 21. HP: 135/135 MP: 19/45
  2361 | D        | Reached XP level 22. HP: 141/141 MP: 20/46
  2508 | D        | Round 16.
  2530 | D        | Reached skill level 15 in Conjurations
  2563 | D        | Received a gift from Sif Muna
  2564 | D        | Got Sif Muna's Encyclopedia of Charred Injury {god gift}
  2581 | D        | Reached skill level 10 in Shields
  2581 | D        | Reached skill level 10 in Summonings
  2606 | D        | Arena points: 11008 (+2288) [x13]
  2629 | D        | Bought 3 potions of experience for 900 gold pieces
  2629 | D        | Reached XP level 23. HP: 146/146 MP: 27/47
  2630 | D        | Reached XP level 24. HP: 152/152 MP: 28/47
  2631 | D        | Reached skill level 10 in Fighting
  2631 | D        | Reached XP level 25. HP: 161/161 MP: 29/47
  2664 | D        | Round 17.
  2699 | D        | Received a gift from Sif Muna
  2700 | D        | Got Sif Muna's Tome of the Escort {god gift}
  2763 | D        | Received a gift from Sif Muna
  2763 | D        | Arena points: 14578 (+3570) [x14]
  2764 | D        | Reached skill level 1 in Poison Magic
  2764 | D        | Got Sif Muna's Annotations on the Oath {god gift}
  2810 | D        | Bought an amulet of reflection for 450 gold pieces
  2829 | D        | Round 18.
  2975 | D        | Received a gift from Sif Muna
  2975 | D        | Arena points: 18088 (+3510) [x15]
  2976 | D        | Got Ceddo's Discursus on the Nasty Jinx {god gift}
  2984 | D        | Bought 3 potions of mutation for 168 gold pieces
  2984 | D        | Bought 2 potions of mutation for 112 gold pieces
  2984 | D        | Bought a potion of mutation for 56 gold pieces
  2984 | D        | Lost mutation: Your body sometimes deteriorates upon taking
                  | damage. [potion of mutation]
  2984 | D        | Gained mutation: Your mind is acute. (Int +4, Str/Dex -1)
                  | [potion of mutation]
  2984 | D        | Gained mutation: You are partially covered in iridescent
                  | scales. (AC +2) [potion of mutation]
  2984 | D        | Gained mutation: You are robust. (+10% HP) [potion of
                  | mutation]
  2998 | D        | Round 19.
  3001 | D        | Bought a Necronomicon for 378 gold pieces
  3100 | D        | Received a gift from Sif Muna
  3109 | D        | Reached skill level 15 in Invocations
  3114 | D        | Received a gift from Sif Muna
  3114 | D        | Arena points: 22952 (+4864) [x16]
  3115 | D        | Got Sif Muna's Codex of Bloody Phantasms {god gift}
  3140 | D        | Learned a level 5 spell: Metabolic Englaciation
  3147 | D        | Learned a level 6 spell: Dispersal
  3184 | D        | Round 20.
  3185 | D        | Noticed Mara
  3187 | D        | Noticed Conn's illusion
  3193 | D        | Arena points: 27632 (+4680) [x18]
  3194 | D        | Got a silver rune of Zot
  3195 | D        | Reached XP level 26. HP: 183/183 MP: 11/49
  3271 | D        | Bought a quad damage for 400 gold pieces
  3339 | D        | Bought Ozocubu's Autobiography for 168 gold pieces
  3345 | D        | Learned a level 5 spell: Arcjolt
  3349 | D        | Learned a level 3 spell: Ozocubu's Armour
  3405 | D        | Round 21.
  3524 | D        | Received a gift from Sif Muna
  3525 | D        | Got Pevveschiagi's Codex of the Voltaic Oath {god gift}
  3555 | D        | Arena points: 34814 (+7182) [x19]
  3591 | D        | Round 22.
  3631 | D        | Received a gift from Sif Muna
  3679 | D        | Received a gift from Sif Muna
  3685 | D        | Arena points: 43174 (+8360) [x20]
  3698 | D        | Got Wust's Papyrus of the Kinetic Comitatus {god gift}
  3734 | D        | Bought 3 potions of heal wounds for 105 gold pieces
  3741 | D        | Bought 6 potions of resistance for 420 gold pieces
  3742 | D        | Bought 6 potions of brilliance for 168 gold pieces
  3742 | D        | Bought a potion of invisibility for 56 gold pieces
  3752 | D        | Round 23.
  3901 | D        | Received a gift from Sif Muna
  3902 | D        | Got Sif Muna's Directory of Exhalation and Embers {god
                  | gift}
  3915 | D        | Arena points: 43519 (+345) [x1]
  3930 | D        | Round 24.
  3984 | D        | Learned a level 8 spell: Ignition
  4001 | D        | Received a gift from Sif Muna
  4007 | D        | Reached skill level 10 in Translocations
  4017 | D        | Got Sif Muna's Textbook on Coarse Hurting {god gift}
  4051 | D        | Received a gift from Sif Muna
  4051 | D        | Arena points: 44431 (+912) [x2]
  4052 | D        | Got Sif Muna's Enchiridion on the Earthen Familiar {god
                  | gift}
  4112 | D        | Round 25.
  4132 | D        | Arena points: 45931 (+1500) [x4]
  4133 | D        | Got a slimy rune of Zot
  4134 | D        | Reached skill level 10 in Dodging
  4134 | D        | Reached XP level 27. HP: 129/189 MP: 4/52
  4336 | D        | Round 26.
  4376 | D        | Noticed Tahug the pandemonium lord
  4386 | D        | Killed Tahug the pandemonium lord
  4396 | D        | Received a gift from Sif Muna
  4397 | D        | Got Sif Muna's Quarto of the Ill-starred Boulder {god gift}
  4425 | D        | Noticed Tuohimman the pandemonium lord
  4431 | D        | Noticed Fodak the pandemonium lord
  4437 | D        | Killed Fodak the pandemonium lord
  4439 | D        | Killed Tuohimman the pandemonium lord
  4440 | D        | Noticed Wicoi the pandemonium lord
  4471 | D        | Killed Wicoi the pandemonium lord
  4484 | D        | Received a gift from Sif Muna
  4485 | D        | Got Sif Muna's Annotations on Dislocated Inhalation {god
                  | gift}
  4490 | D        | Noticed Tyach the pandemonium lord
  4501 | D        | Killed Tyach the pandemonium lord
  4501 | D        | Arena points: 48141 (+2210) [x5]
  4519 | D        | Round 27.
  4530 | D        | Noticed an ancient lich
  4539 | D        | Killed an ancient lich
  4540 | D        | Reached skill level 27 in Spellcasting
  4590 | D        | Noticed an ancient lich
  4597 | D        | Killed an ancient lich
  4604 | D        | Noticed an ancient lich
  4609 | D        | Noticed an orb of fire
  4610 | D        | Reached skill level 15 in Shields
  4615 | D        | Killed an ancient lich
  4615 | D        | Received a gift from Sif Muna
  4617 | D        | Gained mutation: Your body sometimes deteriorates upon
                  | taking damage. [an orb of fire]
  4624 | D        | Gained mutation: Your system is resistant to poisons.
                  | (rPois) [an orb of fire]
  4625 | D        | Gained mutation: Your magical capacity is low. (-10% MP)
                  | [an orb of fire]
  4626 | D        | Gained mutation: You do not regenerate when monsters are
                  | visible. [an orb of fire]
  4634 | D        | Gained mutation: You occasionally lose the ability to read
                  | scrolls when taking damage. [an orb of fire]
  4634 | D        | Killed an orb of fire
  4635 | D        | Lost mutation: You do not regenerate when monsters are
                  | visible. [potion of mutation]
  4635 | D        | Lost mutation: You occasionally lose the ability to read
                  | scrolls when taking damage. [potion of mutation]
  4635 | D        | Gained mutation: You occasionally lose the ability to read
                  | scrolls when taking damage. [potion of mutation]
  4635 | D        | Gained mutation: You are weak. (Str -2) [potion of
                  | mutation]
  4635 | D        | Lost mutation: You are weak. (Str -2) [potion of mutation]
  4636 | D        | Lost mutation: Your body sometimes deteriorates upon taking
                  | damage. [potion of mutation]
  4636 | D        | Lost mutation: Your system is resistant to poisons. (rPois)
                  | [potion of mutation]
  4636 | D        | Gained mutation: Your body sometimes deteriorates upon
                  | taking damage. [potion of mutation]
  4637 | D        | Lost mutation: Your mind is acute. (Int +4, Str/Dex -1)
                  | [potion of mutation]
  4637 | D        | Lost mutation: You are partially covered in iridescent
                  | scales. (AC +2) [potion of mutation]
  4637 | D        | Lost mutation: You occasionally lose the ability to read
                  | scrolls when taking damage. [potion of mutation]
  4637 | D        | Gained mutation: You are agile. (Dex +4, Str/Int -1)
                  | [potion of mutation]
  4637 | D        | Gained mutation: Your body often deteriorates upon taking
                  | damage. [potion of mutation]
  4638 | D        | Lost mutation: Your magical capacity is low. (-10% MP)
                  | [potion of mutation]
  4638 | D        | Lost mutation: Your body often deteriorates upon taking
                  | damage. [potion of mutation]
  4638 | D        | Gained mutation: You possess an exceptional clarity of
                  | mind. [potion of mutation]
  4638 | D        | Gained mutation: Your muscles are strong. (Str +4, Int/Dex
                  | -1) [potion of mutation]
  4638 | D        | Gained mutation: You are very agile. (Dex +8, Str/Int -2)
                  | [potion of mutation]
  4643 | D        | Got Sif Muna's Tome of Voltaic Envenoming {god gift}
  4664 | D        | Noticed an orb of fire
  4666 | D        | Found the +4 dragonskin cloak
  4666 | D        | Noticed Tiamat
  4676 | D        | Reached skill level 5 in Air Magic
  4680 | D        | Killed Tiamat
  4689 | D        | Killed an orb of fire
  4689 | D        | Received a gift from Sif Muna
  4689 | D        | Arena points: 50895 (+2754) [x6]
  4690 | D        | Got Sif Muna's Incunabulum of Liminal Algor {god gift}
  4871 | D        | Round 28.
  4882 | D        | Learned a level 9 spell: Fire Storm
  4931 | D        | Reached skill level 27 in Conjurations
  4965 | D        | Received a gift from Sif Muna
  4968 | D        | Got Sif Muna's Parchment of Blasting {god gift}
  4983 | D        | Gained mutation: You occasionally lose the ability to read
                  | scrolls when taking damage. [a shining eye]
  4985 | D        | Lost mutation: You are very agile. (Dex +8, Str/Int -2)
                  | [potion of mutation]
  4985 | D        | Lost mutation: You possess an exceptional clarity of mind.
                  | [potion of mutation]
  4985 | D        | Lost mutation: You are robust. (+10% HP) [potion of
                  | mutation]
  4985 | D        | Lost mutation: Your body sometimes deteriorates upon taking
                  | damage. [potion of mutation]
  4985 | D        | Gained mutation: One of your tentacles bears a spike.
                  | [potion of mutation]
  4985 | D        | Gained mutation: You are robust. (+10% HP) [potion of
                  | mutation]
  4986 | D        | Arena points: 54815 (+3920) [x7]
  5004 | D        | Bought 3 potions of mutation for 168 gold pieces
  5004 | D        | Bought 2 potions of mutation for 112 gold pieces
  5004 | D        | Bought a potion of mutation for 56 gold pieces
  5007 | D        | Lost mutation: You are agile. (Dex +4, Str/Int -1) [potion
                  | of mutation]
  5007 | D        | Lost mutation: You occasionally lose the ability to read
                  | scrolls when taking damage. [potion of mutation]
  5007 | D        | Lost mutation: One of your tentacles bears a spike. [potion
                  | of mutation]
  5007 | D        | Gained mutation: You are dopey. (Int -2) [potion of
                  | mutation]
  5007 | D        | Gained mutation: You have hidden genetic defects. [potion
                  | of mutation]
  5007 | D        | Gained mutation: You have very sharp teeth. [potion of
                  | mutation]
  5025 | D        | Lost mutation: You are dopey. (Int -2) [potion of mutation]
  5025 | D        | Lost mutation: You are robust. (+10% HP) [potion of
                  | mutation]
  5025 | D        | Lost mutation: You have hidden genetic defects. [potion of
                  | mutation]
  5025 | D        | Gained mutation: You are strong-willed. (Will+) [potion of
                  | mutation]
  5054 | D        | Round 29.
  5060 | D        | Noticed an orb of fire
  5061 | D        | Noticed an orb of fire
  5065 | D        | Gained mutation: You are dopey. (Int -2) [an orb of fire]
  5078 | D        | Got the Orb of Zot
  5083 | D        | Gained mutation: You occasionally lose the ability to read
                  | scrolls when taking damage. [an orb of fire]
  5084 | D        | Gained mutation: You do not regenerate when monsters are
                  | visible. [an orb of fire]
  5087 | D        | Noticed an orb of fire
  5097 | D        | Received a gift from Sif Muna
  5098 | D        | Killed from afar by a Brimstone Fiend

Illustrated notes

Levels and vault maps discovered:
D:        arena_sprint

Skill      XL: |  1  2  3  4  5  6  7  8  9 10 11 12 13 14 15 16 17 18 19 20 21 22 23 24 25 26 27 |
---------------+----------------------------------------------------------------------------------+-----
Dodging        | 3 4 5 7 8 9 10 12 | 12.5
Stealth        | 3 4 5 6 |  6.2
Spellcasting   | 4 6 8 9 11 12 13 16 17 19 20 22 25 27 | 27.0
Conjurations   | 3 4 5 7 8 9 10 11 13 14 16 18 21 27 | 27.0
Fire Magic     | 5 6 7 9 10 11 12 14 15 16 17 19 23 | 23.2
Invocations    | 3 5 6 7 9 10 11 12 13 15 | 15.1
Evocations     | 1 2 3 |  3.0
Transmutations | 1 3 4 |  4.0
Fighting       | 6 8 9 10 | 10.7
Hexes          | 1 2 3 |  3.4
Shields        | 1 3 6 9 10 12 17 | 17.8
Summonings     | 2 6 7 8 9 10 11 12 13 | 13.6
Ice Magic      | 4 6 7 |  7.6
Translocations | 2 3 6 11 | 11.1
Air Magic      | 4 5 |  5.2
Poison Magic   | 1 |  1.8
Staves         | |  0.7

Action                     |  1- 3 |  4- 6 |  7- 9 | 10-12 | 13-15 | 16-18 | 19-21 | 22-24 | 25-27 || total
---------------------------+-------+-------+-------+-------+-------+-------+-------+-------+-------++-------
  Melee: Unarmed           |     3 |       |     2 |     5 |       |       |       |       |       ||    10
         Tentacles         |     2 |       |     1 |     3 |     1 |       |       |       |     5 ||    12
         Constrict         |     1 |       |       |       |     1 |       |     1 |       |     3 ||     6
         Staff             |       |       |       |       |     2 |       |     2 |       |     9 ||    13
         Punch             |       |       |       |       |       |       |       |       |     2 ||     2
   Cast: Foxfire           |     2 |    20 |    23 |    56 |    31 |       |       |    13 |    21 ||   166
         Scorch            |       |     5 |    15 |    48 |    17 |       |       |    16 |    17 ||   118
         Flame Wave        |       |     1 |     3 |     8 |     5 |       |       |       |       ||    17
         Inner Flame       |       |       |     1 |    13 |       |       |       |     2 |       ||    16
         Irradiate         |       |       |       |     3 |       |       |       |       |     2 ||     5
         Fireball          |       |       |       |     8 |     5 |       |     1 |       |    80 ||    94
         Starburst         |       |       |       |       |    15 |    15 |     6 |       |    90 ||   126
         Hailstorm         |       |       |       |       |     5 |       |       |       |     6 ||    11
         Summon Forest     |       |       |       |       |     4 |       |       |     1 |     4 ||     9
         Blink             |       |       |       |       |     3 |       |       |       |     4 ||     7
         Iskenderun's Myst |       |       |       |       |     2 |       |       |       |    19 ||    21
         Mephitic Cloud    |       |       |       |       |       |       |     1 |       |     5 ||     6
         Orb of Destructio |       |       |       |       |       |       |       |     5 |    32 ||    37
         Fire Storm        |       |       |       |       |       |       |       |       |    14 ||    14
         Ignition          |       |       |       |       |       |       |       |       |     4 ||     4
         Dispersal         |       |       |       |       |       |       |       |       |     3 ||     3
         Chain Lightning   |       |       |       |       |       |       |       |       |     3 ||     3
         Ozocubu's Armour  |       |       |       |       |       |       |       |       |     2 ||     2
         Dragon's Call     |       |       |       |       |       |       |       |       |     2 ||     2
         Metabolic Englaci |       |       |       |       |       |       |       |       |     1 ||     1
 Invoke: Channel Magic     |       |       |     1 |     6 |     7 |     2 |       |       |    24 ||    40
         Forget Spell      |       |       |       |       |     1 |       |       |       |     2 ||     3
         Divine Exegesis   |       |       |       |       |       |       |       |       |     8 ||     8
Ability: Evoke Blink       |       |       |       |       |       |       |       |       |     1 ||     1
  Evoke: Wand              |     1 |       |     2 |     5 |       |       |       |       |       ||     8
    Use: Potion            |     1 |     1 |     2 |     4 |     3 |     3 |     3 |     3 |    16 ||    36
         Scroll            |       |       |       |     2 |       |       |       |       |     3 ||     5
   Stab: Distracted        |       |       |       |       |     2 |       |       |       |       ||     2
         Confused          |       |       |       |       |       |       |     1 |       |       ||     1
 Armour: Skin              |     1 |       |     2 |     5 |       |     1 |       |       |     2 ||    11
  Dodge: Dodged            |       |     2 |    12 |    28 |    14 |       |     1 |     6 |    38 ||   101
  Block: Buckler           |       |       |       |       |     2 |       |       |       |       ||     2
         Kite shield       |       |       |       |       |       |     2 |     2 |     3 |    17 ||    24
         Tower shield      |       |       |       |       |       |       |       |       |    57 ||    57
         Reflection        |       |       |       |       |       |       |       |       |     5 ||     5

Table legend: (Time is in decaauts)
 A = Elapsed time spent in this place.
 B = Non-inter-level travel time spent in this place.
 C = Inter-level travel time spent in this place.
 D = Time resting spent in this place.
 E = Time spent auto-exploring this place.
 F = Levels seen in this place.
 G = Mean time per level.
                   A        B        C        D        E       F      G
               +--------+--------+--------+--------+--------+-----+--------+
         Total |   5063 |   5029 |     34 |    390 |    279 |   1 | 5063.0 |
       Dungeon |   5063 |   5029 |     34 |    390 |    279 |   1 | 5063.0 |
               +--------+--------+--------+--------+--------+-----+--------+

Top non-repeatable levels by time:
       D: 5063 daAuts
